← All builds
Geo / Armada / Economy first / OBSERVED BUILD

Standard geo

Armada Geo build order · Supreme Isthmus

Standard Geo economy into T2 constructor and Starlight/Jaguar units sent to front as usual, with support built for teammates along the way.

Usually blows up the commander for T2 (72%)

#eco #t2 #team support · 1331 distinct matches · 235 players · 55% of Armada Geo games · team won 55% of 1552 · Recently observed

HOW TO PLAY IT

Key timing: T2 constructor by 4:55

  1. Open 2 mex and wind, then Bot Lab by 0:35.
  2. Rush geothermal powerplant to fund T2 ahead of other roles.
  3. Get T2 constructor out to start building T2 units.
  4. Add Vehicle Plant and Advanced Geothermal for the T2 push.
  5. Fly first Starlight to front with a transport from Air.

Phase by phase

TYPICAL OF ITS 1331 GAMES
  1. 1
  2. 2
  3. 3
  4. 4
PLAY THE OPENING

Follow the example game's first 6:00 step by step: what to build now, what comes next, and where it goes. At 1× it keeps pace with your own game.

  1. 1

    Up to the Bot Lab

    Economy
    • Metal Extractor3Mex
    • Wind Turbine4Wind
    Order
    1. Bot LabBot Lab after 3 mex, 4 winddone ~1:12, middle half 0:58–1:21

    By 0:55 in all: 3 mex · 4 wind

    The example game in this phase · 3 steps
    1. Mex ×2
    2. Wind ×3
    3. Bot LabBot Labdone 0:52 · typical 1:12
  2. 2

    Bot Lab to 5:00

    Economy
    • Metal Extractor2Mex
    • Wind Turbine3Wind
    • Energy Converter8Converter
    • Energy Storage1Energy storage
    Order
    1. Geothermal PowerplantGeo after 4 mex, 5 wind, 1 energy storage
    2. Bot LabEat Bot Lab
    Builders
    • Construction Turret5 Con turret
    • Lazarus4 Lazarus
    • Construction Bot2 Con bot
    • Construction Bot1 Con bot for allies
    • Lazarus1 Lazarus for allies

    By 5:00 in all: 4 mex · 7 wind · 1 geo · 8 converter · 1 energy storage · 5 con turret

    The example game in this phase · 27 steps
    1. Construction BotCon bot ×2
    2. Wind
    3. LazarusLazarus
    4. Wind ×2
    5. Mex
    6. Construction BotCon botfor Beach sea
    7. Mex
    8. Wind
    9. LazarusLazarusfor Beach sea
    10. Wind
    11. Construction BotCon bot
    12. Geothermal PowerplantGeodone 3:12 · typical 3:29
    13. LazarusLazarus
    14. Wind ×4
    15. Con turret
    16. Bot LabEat Bot Labreclaimed for its metal
    17. Con turret ×2
    18. Converter
    19. Con turret
    20. Converter
    21. Con turret
    22. Converter ×2
    23. Energy storage
    24. Converter ×2
    25. Con turret
    26. Converter ×2
    27. Construction VehicleCon vehicle
  3. 3

    5:00 to Vehicle Plant

    Order
    1. Advanced Geothermal PowerplantAdvanced Geothermal Powerplant after 8 wind, 10 converter, 6 con turretin 57% of games
    2. Vehicle PlantVehicle Plant after 9 wind, 10 converter, 6 con turretdone ~7:06, middle half 6:39–7:32

    Some games also: con turret (49%) · converter (49%) · wind (41%)

    By 6:56 in all: 4 mex · 9 wind · 1 geo · 1 Advanced Geothermal Powerplant · 10 converter · 1 energy storage

    The example game in this phase · 1 step
    1. Vehicle PlantVehicle Plantdone 4:55 · typical 7:06
  4. 4

    Vehicle Plant to 10:00

    Economy
    • Wind Turbine5Wind
    • Energy Converter4Converter
    Order
    1. Advanced Vehicle PlantAdvanced Vehicle Plant after 10 wind, 11 converter, 6 con turret
    2. Vehicle PlantEat Vehicle Plant
    Builders
    • Construction Vehicle1 Con vehicle
    • Advanced Construction Vehicle1 T2 con vehicle for allies
    Army
    • Starlight2 Starlight
    • Umbra1 Jammer
    • Prophet1 Radar vehicle

    Some games also: con turret (48%) · Jaguar (36%)

    By 10:00 in all: 4 mex · 18 wind · 1 geo · 1 Advanced Geothermal Powerplant · 16 converter · 1 energy storage

    The example game in this phase · 59 steps
    1. Vehicle PlantEat Vehicle Plantreclaimed for its metal
    2. Energy storage
    3. Advanced Metal ExtractorT2 mex ×3done 5:46 · typical 5:38
    4. Con turret
    5. Advanced Metal ExtractorT2 mex
    6. Advanced Geothermal PowerplantAdvanced Geothermal Powerplantdone 7:10 · typical 7:10
    7. Radar TowerRadar Tower
    8. Advanced Vehicle PlantAdvanced Vehicle Plantdone 7:33 · typical 8:01
    9. MauserMauserfor Front
    10. Converter
    11. MauserMauserfor Front
    12. Converter
    13. MauserMauserfor Front
    14. Converter ×2
    15. Advanced Construction VehicleT2 con vehiclefor Beach sea
    16. MauserMauser ×2for Front
    17. Advanced Construction VehicleT2 con vehiclefor Suicide front
    18. StarlightStarlight ×2done 8:55 · typical 9:03
    19. Bot LabBot Labdone 9:36
    20. StarlightStarlight
    21. TickTick ×6
    22. ShredderShredderdone 10:06
    23. TickTick ×4
    24. Advanced Construction VehicleT2 con vehicle
    25. TickTick ×4
    26. StarlightStarlight
    27. TickTick ×3
    28. CitadelAnti-nukedone 11:43
    29. TickTick ×4
    30. AmbassadorAmbassadordone 12:08
    31. TickTick ×5
    32. Con turret
    33. TickTick ×4
    34. TracerTracer
    35. TickTick ×5
    36. StarlightStarlight
    37. TickTick ×3
    38. Con turret
    39. TickTick ×5
    40. AmbassadorAmbassador
    41. TickTick ×2
    42. Con turret
    43. TickTick ×2
    44. Fusion ReactorFusiondone 14:34
    45. TickTick ×2
    46. Con turret
    47. TickTick ×2
    48. StarlightStarlight
    49. TickTick ×15
    50. StarlightStarlight
    51. TickTick ×6
    52. Advanced Construction VehicleT2 con vehicle
    53. TickTick
    54. T2 converter
    55. TickTick ×3
    56. StarlightStarlight
    57. TickTick ×2
    58. PrudePrudenot finished by 15:00
    59. TickTick ×2

Counts are medians over the build's games: half of them build more, half fewer. The example game is speddyteddy's (31 OS, 22/08/2026); pick another.

Team trades

IN AT LEAST 30% OF ITS GAMES

You hand over

  • Lazarus1 Lazarus to Beach seafirst at 2:17 · in 75% of games
  • Construction Bot1 Con bot to Beach seafirst at 2:27 · in 87% of games
  • Advanced Construction Vehicle1 T2 con vehicle to Suicide front or Frontfirst at 8:48 · in 63% of games

You get

  • Advanced Construction Bot1 T2 con bot from Techfirst at 4:52 · in 94% of games

How it plays out

Typical game of this build, running totals by minute

Metal produced

020k40k
0:005:0010:0015:00

metal

Enemy metal destroyed

05k10k15k
0:005:0010:0015:00

metal

Own metal lost

02k4k6k
0:005:0010:0015:00

metal

1552 games.

Show as table
ByMetal produced: This buildEnemy metal destroyed: This buildOwn metal lost: This build
1:0033300
2:0085900
3:00152700
4:00267100
5:00369400
6:00563800
7:00802300
8:001134500
9:00144074384
10:0017278479200
11:00201201748520
12:002299236211607
13:002573459102971
14:002858382484426
15:0031354102055580
WHAT THE NUMBERS SAY

Standard Geo play wins about half its games while destroying the most enemy metal by 15:00 among the roles shown here.

  • + Enemy metal destroyed jumps to 10560 by 15:00, highest of all six builds.
  • + Starlight makes up 34% of army, delivering the long-range T2 push.
  • − Own metal lost reaches 5977 by 15:00 from the aggressive T2 push.
  • − First Starlight only arrives in 60% of games, a late or inconsistent push.
THE EXAMPLE YOU ARE READING

speddyteddy

31.0 OS · 22/08/2026

Open source match ↗

3 received units · includes a constructor
3887 metal received · 147539 energy received

Allied construction assistance is unknown. Timings are observations, not a promise of solo reproducibility.

Typical milestones

Bot Lab1:12Middle 50%: 0:58–1:21 · n=1551
Geothermal Powerplant3:29Middle 50%: 3:13–3:47 · n=1543
Advanced Metal Extractor5:38Middle 50%: 5:21–6:01 · n=1543
Vehicle Plant7:06Middle 50%: 6:39–7:32 · n=1500
Advanced Geothermal Powerplant7:10Middle 50%: 6:51–7:41 · n=1123
Advanced Vehicle Plant8:01Middle 50%: 7:40–8:33 · n=1435
Starlight9:03Middle 50%: 8:32–9:46 · n=1296

Played most by

0neTw0120games of this buildzeus_on_god118games of this buildXad53games of this buildTheGeneraI46games of this buildViltrum41games of this build